 Dungeon Crawl Stone Soup version 0.31.0-1-g2c135a008e (webtiles) character file.

Game seed: 12971972391599291952

56 qw the Shooter (level 4, -6/35 HPs)
             Began as a Djinni Hunter on Jan 23, 2024.
             Mangled by Terence
             ... wielding a +0 flail
              (13 damage)
             ... on level 2 of the Dungeon.
             The game lasted 00:00:04 (913 turns).

qw the Shooter (Djinni Hunter)                       Turns: 913, Time: 00:00:04

Health: -6/35      AC:  3    Str: 10    XL:     4   Next: 17%
Gold:   58         EV: 12    Int: 10    God:
                   SH:  0    Dex: 19

rFire   + + .        a - +0 shortbow
rCold   x . .        (shield currently unavailable)
rNeg    . . .        c - +0 leather armour
rPois   inf          (no helmet)
rElec   .            i - scarf {repulsion}
rCorr   .            (no gloves)
SInv    .            (boots unavailable)
Will    .....        (no amulet)
Stlth   ++           (no ring)
HPRegen 0.25/turn    (no ring)
MPRegen 0.00/turn

%: repel missiles, clarity, infuse magic (-7 HP)
@: flying
A: sickness immunity, fire resistance 2, cold vulnerability 1, float, innate
caster, HP casting, extra vitality 1, clarity
a: no special abilities


You were on level 2 of the Dungeon.
You visited 1 branch of the dungeon, and saw 2 of its levels.

You collected 58 gold pieces.


Innate Abilities, Weirdness & Mutations

You are immune to sickness and miasma.
You are immune to poison.
Your flesh is very heat resistant. (rF++)
You are vulnerable to cold. (rC-)
You float through the air rather than walking.
You learn spells naturally, not from books.
Your magical power is your life essence.
You have superior vitality. (+4 MHP)
You possess an exceptional clarity of mind.


   Skills:
 - Level 3.1 Fighting
 - Level 4.0 Ranged Weapons
 + Level 2.1 Dodging
 - Level 0.7 Stealth


You knew the following spells:

 Your Spells              Type           Power      Damage    Failure   Level
a - Apportation           Tloc           0%         N/A       45%         1
Your spell library was empty.

Inventory:

Hand Weapons
 a - a +0 shortbow (weapon)
Armour
 c - a +0 leather armour (worn)
 i - a scarf of repulsion (worn)
Scrolls
 b - a scroll of enchant weapon {unknown}
Potions
 e - a potion of curing

Dungeon Overview and Level Annotations

Branches:
Dungeon (2/15)

Altars:

Annotations:
D:2 Terence


Message History

You shoot an arrow. The arrow hits Natasha.
Natasha is lightly wounded.
You shoot an arrow. The arrow closely misses Natasha.
Natasha claws you.
You shoot an arrow. The arrow hits Natasha.
Natasha is moderately wounded.
Natasha claws you!
You shoot an arrow. The arrow closely misses Natasha.
Natasha casts a spell.
You shoot an arrow. The arrow hits Natasha.
Natasha is moderately wounded.
Natasha claws you.
907 ||| RETREEEEATING.
Natasha barely misses you.
You shoot an arrow. The arrow barely misses Natasha.
Natasha claws you.
You shoot an arrow. The arrow hits Natasha.
Natasha is severely wounded.
Natasha howls an incantation.
You feel troubled. Natasha closely misses you.
The cerulean imp barely misses you.
You shoot an arrow. The arrow barely misses Natasha.
The arrow completely misses Terence.
Natasha claws you!
The cerulean imp hits you from afar with a +1 spear.
You shoot an arrow. The arrow hits Natasha.
You kill Natasha!
Suddenly Natasha's spirit rises from her lifeless body.
The cerulean imp disappears in a puff of smoke!
Terence closely misses you.
Your Fighting skill increases to level 3!
You have reached level 4!
You feel agile.
You shoot an arrow.
The arrow hits Terence but does no damage.
Terence barely misses you.
You shoot an arrow. The arrow hits Terence.
Terence is moderately wounded.
Terence hits you with a +0 flail!
You die...
Terence says, "That felt goooood."

#.....##.#..#.#.#.#......##.#
#.###.##.##.#>..#.#..(...##.#
#.# #.........#...#......##.#
#.######...##.#.........^##.####
#.....##........#..(............
#####.##....#.###.#.......#.####
#.##....#)# #.#.......#.#
#.......#.###.#.......#.#
#########.@@........#.#.#
#.####..##..#.#.# #.#
##.##..#.#.# .5. #.....#.#.#
...# ###.....# ....# #.<#.###
.....# #.##.# ...... ... #.#
...## #.#


You could see Terence.

Vanquished Creatures
  Natasha (D:2)
  A dart slug (D:1)
  2 giant cockroaches (D:1)
  A goblin (D:1)
  4 hobgoblins (D:1)
  A quokka (D:1)
  4 ball pythons (D:1)
  5 bats (D:1)
  4 frilled lizards (D:1)
  3 kobolds (D:1)
  6 rats
32 creatures vanquished.

Notes
Turn   | Place    | Note
-------+----------+-------------------------------------------
     0 | D:1      | qw the Djinni Hunter began the quest for the Orb.
     0 | D:1      | Reached XP level 1. HP: 18/18 MP: 0/0
     0 | D:1      | 0 ||| qw: Version: 0.3-a-135-gb77e89d
     0 | D:1      | 0 ||| qw: Game counter: 911
     0 | D:1      | 0 ||| qw: Melee chars always use a shield: true
     0 | D:1      | 0 ||| qw: God list: Okawaru
     0 | D:1      | 0 ||| qw: Allow faded altars: false
     0 | D:1      | 0 ||| qw: Do Orc after clearing Dungeon:15 true
     0 | D:1      | 0 ||| qw: Do second Lair branch before Depths: true
     0 | D:1      | 0 ||| qw: Lair rune preference: random
     0 | D:1      | 0 ||| qw: Goals: Normal
     0 | D:1      | 0 ||| PLANNING D:1-11
   183 | D:1      | Reached XP level 2. HP: 23/23 MP: 0/0
   401 | D:1      | Reached skill level 4 in Ranged Weapons
   401 | D:1      | Reached XP level 3. HP: 28/28 MP: 0/0
   401 | D:1      | Learned a level 1 spell: Apportation
   751 | D:1      | 751 ||| UPGRADING to scarf of repulsion.
   756 | D:1      | 756 ||| READING scroll labelled HUMNAE GAQO.
   759 | D:1      | 759 ||| READING scroll labelled EPOMAO YGREFREHO.
   760 | D:1      | 760 ||| READING 2 scrolls labelled XAECEA RICE.
   760 | D:1      | 760 ||| IDENTIFYING ruby potion
   761 | D:1      | 761 ||| DRINKING potion of mutation.
   761 | D:1      | Gained mutation: You possess an exceptional clarity of
                  | mind. [potion of mutation]
   762 | D:1      | 762 ||| READING scroll of identify.
   762 | D:1      | 762 ||| IDENTIFYING bubbling clear potion
   763 | D:1      | 763 ||| READING scroll labelled WIARPH NIMAE.
   764 | D:1      | 764 ||| DRINKING 2 blue potions.
   765 | D:1      | 765 ||| DROPPING scroll of butterflies.
   766 | D:1      | 766 ||| DROPPING potion of attraction.
   899 | D:2      | Noticed Terence
   899 | D:2      | Noticed Natasha
   907 | D:2      | 907 ||| RETREEEEATING.
   910 | D:2      | HP: 6/29 [Natasha (8)]
   911 | D:2      | Killed Natasha
   912 | D:2      | Reached skill level 3 in Fighting
   912 | D:2      | Reached XP level 4. HP: 6/35 MP: 0/0
   913 | D:2      | Mangled by Terence

Levels and vault maps discovered:
D:1:      beargit_arrival_diablo_church, layout_basic
D:2:      layout_basic, uniq_natasha, uniq_terence

Skill      XL: |  1  2  3 |
---------------+----------+-----
Ranged Weapons | 4 |  4.0
Fighting       | 3 |  3.1
Dodging        | |  2.1
Stealth        | |  0.7

Action                     |  1- 3 |  4- 6 || total
---------------------------+-------+-------++-------
   Fire: Shortbow          |    92 |     2 ||    94
    Use: Scroll            |     5 |       ||     5
         Potion            |     2 |       ||     2
 Armour: Leather armour    |    27 |     1 ||    28
  Dodge: Dodged            |    33 |     1 ||    34

Table legend:
 A = Non-vault XP
 B = Vault XP
 C = Vault XP percentage of total XP
 D = Non-vault monster count
 E = Vault monster count
 F = Vault count percentage of total count
                 A         B        C        D         E       F
            +---------+---------+-------+---------+---------+-------
      Total |      46 |      35 |  43.2 |      31 |       1 |   3.1
            +---------+---------+-------+---------+---------+-------
        D:1 |      45 |       0 |   0.0 |      30 |       0 |   0.0
        D:2 |       1 |      35 |  97.2 |       1 |       1 |  50.0
            +---------+---------+-------+---------+---------+-------
